Construct Section Command Post
Construct Platoon Command Post
Unlock M3 Stuart Light Tanks
Selects Australian Defense Battlegroup
Selects Australian Light Infantry Section
Selects 2-pounder Anti-tank Gun Team
2-pounder Anti-tank Gun Team
Selects Vehicle Over Repair
Construct Field Infirmary
Selects CMP 15cwt Supply Run
Selects Artillery Trip Wire Flares
Unlock Bishop Self-propelled Artillery
Bishop Self-propelled Artillery